 Dungeon Crawl Stone Soup version 0.20-a0-396-gbf3f530 (webtiles) character file.

308635 MirrMurr the Shatterer (level 21, -6/98 HPs)
             Began as a Gargoyle Berserker on Dec 29, 2016.
             Was the Champion of Trog.
             Killed by divine providence
             ... invoked by a smoke demon
              (9 damage)
             ... on level 3 of the Abyss on Dec 31, 2016.
             The game lasted 02:36:16 (45746 turns).

MirrMurr the Shatterer (Gargoyle Berserker)        Turns: 45746, Time: 02:36:17

Health: -6/98      AC: 43    Str: 20    XL:     21   Next: 21%
Magic:  17/17      EV: 17    Int:  4    God:    Trog [******]
Gold:   1177       SH: 25    Dex: 14    Spells: 20/20 levels left

rFire  . . .     SeeInvis +     a - +5 eveningstar (drain)
rCold  . . .     Gourm    .     d - +0 plate armour
rNeg   + . .     Faith    .     Y - +2 shield
rPois  ∞         Spirit   .     u - +1 helmet {SInv}
rElec  +         Reflect  +     N - +2 cloak {+Inv}
rCorr  .         Harm     .     H - +0 pair of gloves "Udaz Apo" {Dex+2 Slay+2}
MR     +....     Rnd*Rage +     q - +1 pair of boots
Stlth  ..........               W - brooch of Shielding {Reflect SH+8}
                                F - +5 ring of evasion
                                C - +5 ring of protection

@: flying, non-regenerating
A: big wings, repulsion field 1, berserk 2, blurry vision 3, clumsy 2, deformed
body, dopey 2, frail 3, low mp 2, negative energy resistance 1, screaming 2,
electricity resistance, slow regeneration 3, weak 2, unbreathing, petrification
resistance, no potion heal 2, rot immunity, MP-powered wands, AC +15
}: 2/15 runes: decaying, gossamer
a: Stop Flying, Berserk, Trog's Hand, Brothers in Arms, Burn Spellbooks,
Renounce Religion, Evoke Invisibility


You were on level 3 of the Abyss.
You worshipped Trog.
Trog was exalted by your worship.
You were not hungry.

You visited 8 branches of the dungeon, and saw 37 of its levels.
You visited the Abyss 2 times.
You also visited: Ice Cave.

You collected 3337 gold pieces.
You spent 2160 gold pieces at shops.

Inventory:

Hand Weapons
 a - a +5 eveningstar of draining (weapon)
 b - a +0 blowgun
Missiles
 f - 1121 stones
 g - 160 poisoned needles
 j - 10 curare-tipped needles
 m - 7 javelins of returning (quivered)
 U - a throwing net
Armour
 d - a +0 plate armour (worn)
 q - a +1 pair of boots (worn)
 u - a +1 helmet of see invisible (worn)
 H - the +0 pair of gloves "Udaz Apo" (worn) {Dex+2 Slay+2}
   (You bought it in a shop on level 2 of the Vaults)

   It affects your dexterity (+2).
   It affects your accuracy and damage with ranged weapons and melee attacks
   (+2).
 N - a +2 cloak of invisibility (worn)
 V - a +1 large shield of protection
 Y - a +2 shield (worn)
Jewellery
 h - an uncursed ring of protection from fire
 C - a +5 ring of protection (left hand)
 F - a +5 ring of evasion (right hand)
 W - the brooch of Shielding (around neck) {Reflect SH+8}
   (You bought it in a shop on level 2 of the Orcish Mines)

   [amulet of reflection]

   It shields you and reflects attacks.
   It affects your SH (+8).
Wands
 e - a wand of disintegration (10/24)
 J - a wand of iceblast (4/15)
 Q - a wand of acid (11/15)
 S - a wand of digging (14/24)
 Z - a wand of lightning (5/15)
Scrolls
 i - 8 scrolls of identify
 l - 7 scrolls of teleportation
 o - 2 scrolls of silence
 r - 11 scrolls of remove curse
 y - 2 scrolls of fog
 A - a scroll of fear
 E - 3 scrolls of blinking
 I - a scroll of holy word
 L - 8 scrolls of recharging
 O - 6 scrolls of magic mapping
 P - 2 scrolls of summoning
Potions
 p - 14 potions of curing
 s - 3 potions of agility
 w - 3 potions of invisibility
 x - 3 potions of berserk rage
 z - a potion of resistance
 G - 6 potions of ambrosia
 K - 6 potions of might
 R - 5 potions of heal wounds
 T - 3 potions of haste
 X - 2 potions of cancellation
Comestibles
 c - 23 bread rations
 k - 22 fruits
 n - 21 meat rations
 t - 3 chunks of flesh
 B - a beef jerky
 D - 7 royal jellies
 M - 3 slices of pizza


   Skills:
 * Level 17.8 Fighting
 + Level 22.4 Maces & Flails
 + Level 3.0 Throwing
 + Level 16.5 Armour
 + Level 5.2 Dodging
 * Level 17.3 Shields
 + Level 1.4 Evocations


You had 20 spell levels left.
You didn't know any spells.

Dungeon Overview and Level Annotations

Branches:
Dungeon (15/15)            Temple (1/1) D:7            Lair (6/6) D:9
  Swamp (4/4) Lair:2       Spider (4/4) Lair:2        Slime (0/5) Lair:5
    Orc (2/2) D:11            Elf (3/3) Orc:2        Vaults (2/5) D:14
 Depths (0/5) D:15
  Crypt: Vaults:2-3

Altars:
Ashenzari
Cheibriados
Elyvilon
Gozag
Hepliaklqana
Kikubaaqudgha
Okawaru
Qazlal
Ru
Sif Muna
Trog
Uskayaw
Xom
Zin
The Shining One
Beogh

Shops:
Orc:2 =*([   Elf:1 [?}*   Vaults:2 [**?

Portals:
Trove: D:10 (give 16 scrolls of teleportation)

Annotations:
Lair:6 come back, 4 exclusions
Elf:2 exclusion: 3 doors


Innate Abilities, Weirdness & Mutations

You are resistant to torment.
Your stone body is resilient. (AC +15)
You are immune to poison.
Your large and strong wings let you fly indefinitely.
You resist negative energy. (rN+)
You are resistant to electric shocks. (rElec)
You can survive without breathing.
You are immune to petrification.
You are immune to rotting.
You are surrounded by a mild repulsion field. (EV +2)
[You often lose your temper in combat.]
[Scrolls take you much longer to read.]
[You are very clumsy. (Dex -4)]
[Armour fits poorly on your strangely shaped body.]
[You are very dopey. (Int -4)]
[You are extremely frail. (-30% HP)]
[Your magical capacity is very low. (-20% MP)]
[You sometimes yell uncontrollably at your foes.]
[You do not regenerate.]
[You are very weak. (Str -4)]
[Potions are poor at restoring your health.]
[You expend magic power (3 MP) to strengthen your wands.]


Message History

Something smites you!
* * * LOW HITPOINT WARNING * * *
You block the starspawn tentacle's attack.
The smoke demon gestures at you. Something smites you!
* * * LOW HITPOINT WARNING * * *
Your system partially rejects the healing.
You feel much better.
A tentacle flies out from the starspawn's body!
You block the starspawn tentacle's attack.
The wretched star pulses with an eldritch light!
Your regeneration stops completely.
A starspawn tentacle comes into view.
The starspawn tentacle barely misses you.
The smoke demon gestures at you. Something smites you!
* * * LOW HITPOINT WARNING * * *
The smoke demon gestures at you. Something smites you!
You die...

##.....*.3..##
##..........#
##..#...#...
##.Xw......
##3>......
##/.......
#w##......
##..##.....
#@.## #....
##..# #...
.(.... #..
#...#.# #.
...#...#
....##.# .##..
. #.


You could see a tentacled starspawn, a smoke demon and 2 starspawn tentacles.

Vanquished Creatures
  Margery (Vaults:2)
  A tentacled monstrosity (Swamp:1)
  Asterion (Spider:3)
  A deep elf blademaster (Elf:2)
  A tentacled starspawn (Abyss:2)
  Gastronok (Lair:1)
  Kirke (D:14)
  The ghost of Geomchi the Earth Mage, an adept OpVM of Vehumet (Spider:4)
  A storm dragon (Vaults:1)
  3 thorn hunters
  A fire giant (D:15)
  An orc warlord (Orc:2)
  3 ghost moths (Spider:4)
  Louise (D:14)
  4 vault wardens
  6 emperor scorpions (Spider:4)
  A ghoul (Vaults:1)
  5 very ugly things
  A deep elf demonologist (Vaults:1)
  3 ironheart preservers (Vaults:1)
  3 entropy weavers
  A stone giant (Vaults:2)
  A black draconian (Abyss:2)
  A spark wasp (Spider:1)
  A deep elf annihilator (Elf:1)
  2 fire dragons (Vaults:1)
  2 deep elf death magi
  2 blizzard demons (IceCv)
  2 yaktaur captains (Vaults:2)
  3 ogre magi
  A deep elf high priest (Elf:1)
  2 great orbs of eyes (Vaults:2)
  11 vault guards
  A rakshasa (Vaults:2)
  26 hydras
  3 death knights
  7 centaur warriors
  9 two-headed ogres
  5 alligators
  20 dancing weapons
  2 thrashing horrors (Abyss:2)
  3 orc high priests
  A spriggan berserker (Swamp:4)
  18 deep elf knights
  A wretched star (Abyss:2)
  6 hell knights (Vaults:2)
  A fire crab (Lair:3)
  A spatial maelstrom (Abyss:2)
  A titan skeleton (Abyss:2)
  7 skeletal warriors (D:15)
  3 wizards
  A flayed ghost (Abyss:2)
  2 glowing orange brains
  12 swamp dragons
  9 deep trolls (Vaults:1)
  8 ironbrand convokers
  7 shambling mangroves
  10 deep elf archers
  A phantasmal warrior (Vaults:1)
  13 orc knights
  3 necromancers
  9 wolf spider zombies (Spider:1)
  A lindwurm (Lair:6)
  25 deep elf magi
  41 wolf spiders
  7 orc sorcerers
  16 orb spiders
  A shining eye (Abyss:2)
  2 manticores
  33 ugly things
  A manticore (shapeshifter) (Elf:2)
  6 cyclopes
  A worldbinder (Abyss:2)
  6 black mambas
  A stone giant skeleton (Vaults:2)
  An elephant (Lair:3)
  6 torpor snails
  An apocalypse crab (Abyss:2)
  9 vault sentinels
  Joseph (D:10)
  2 gargoyles (D:14)
  2 smoke demons (Abyss:2)
  19 spiny frogs
  21 yaktaurs
  Psyche (D:8)
  An ice statue (IceCv)
  6 freezing wraiths
  A human zombie (Vaults:2)
  3 kobold demonologists
  An efreet (D:13)
  7 komodo dragons
  A golden dragon simulacrum (IceCv)
  2 tengu conjurers (D:14)
  2 hellwings (Abyss:2)
  7 ice devils (IceCv)
  11 demonic crawlers
  9 trolls
  A yaktaur skeleton (Vaults:2)
  9 redback zombies (Spider:1)
  2 anaconda simulacra (IceCv)
  5 meliai
  2 hornets (shapeshifter)
  41 jumping spiders
  A merfolk (D:13)
  A wind drake (shapeshifter) (Vaults:2)
  18 hornets
  21 blink frogs
  5 tyrant leeches
  2 polar bears
  13 bog bodies
  A stone giant simulacrum (Vaults:1)
  3 raiju (Abyss:2)
  35 slime creatures
  A human simulacrum (Vaults:2)
  9 hippogriffs
  7 tarantella zombies (Spider:1)
  A frost giant simulacrum (Vaults:2)
  6 dire elephant simulacra (IceCv)
  A water elemental (Elf:1)
  2 spriggans
  Sigmund (D:3)
  3 shadows
  3 air elementals
  82 redbacks
  An ettin skeleton (Vaults:2)
  3 starcursed masses (Abyss:2)
  A ynoxinul (Abyss:2)
  33 yaks
  32 tarantellas
  The ghost of Eptagon the Covert, an amateur SpEn of Ashenzari (D:4)
  4 fire elementals
  3 wraiths
  2 vampires
  4 hogs (D:14)
  A fire bat (shapeshifter) (D:14)
  4 wyverns
  A hungry ghost (D:8)
  A neqoxec (Abyss:2)
  14 vampire mosquitoes
  3 basilisks
  3 harpy simulacra (IceCv)
  A yaktaur simulacrum (Vaults:2)
  4 acid dragons
  6 insubstantial wisps
  4 iron troll simulacra (IceCv)
  22 swamp worms
  5 wargs
  An acid dragon (shapeshifter) (Vaults:1)
  2 hell hounds (D:9)
  5 water moccasins
  An ice beast (D:10)
  9 porcupines
  3 hydra simulacra (IceCv)
  An alligator simulacrum (IceCv)
  A hornet zombie (D:13)
  2 sky beasts
  14 swamp drakes
  3 large abominations (Abyss:2)
  An eye of draining (Abyss:2)
  An ice beast (shapeshifter) (Vaults:2)
  45 orc warriors
  13 ogres
  3 necrophages
  An ogre (shapeshifter) (Vaults:1)
  A boggart (Vaults:2)
  3 phantoms
  9 centaurs
  13 crocodiles
  A human skeleton (Vaults:2)
  8 big kobolds
  19 bullfrogs
  2 gnoll sergeants
  A glowing shapeshifter simulacrum (Vaults:2)
  5 scorpions
  An elf simulacrum (Vaults:1)
  An elephant simulacrum (IceCv)
  A swamp dragon simulacrum (IceCv)
  12 wights
  5 killer bees (D:13)
  5 electric eels
  A howler monkey (D:6)
  7 crimson imps
  5 centaur zombies
  8 hounds
  2 draconian simulacra (IceCv)
  A gnoll shaman (D:4)
  7 jellies
  2 bullfrog skeletons
  6 centaur skeletons
  16 orc priests
  27 orc wizards
  An iguana (D:8)
  14 worker ants
  4 troll simulacra (IceCv)
  A centaur simulacrum (IceCv)
  2 small abominations (Abyss:2)
  2 hound zombies
  2 hound skeletons
  2 worker ant zombies
  12 gnolls
  13 adders
  A naga simulacrum (IceCv)
  An ogre simulacrum (IceCv)
  2 shadow imps
  6 white imps (IceCv)
  11 ufetubi (IceCv)
  An ooze (D:3)
  2 adder zombies
  5 worms
  2 dart slugs
  9 leopard geckos
  82 orcs
  A ball python (D:3)
  5 giant cockroaches
  7 hobgoblins
  13 jackals
  26 kobolds
  4 quokkas
  14 bats
  3 frilled lizards
  5 goblins
  7 rats
  A briar patch (Swamp:4)
  A bush (D:2)
  3 plants
1484 creatures vanquished.

Vanquished Creatures (collateral kills)
  An efreet (Abyss:2)
  A raiju (Abyss:2)
  An ice dragon skeleton (Abyss:2)
3 creatures vanquished.

Vanquished Creatures (others)
  An alligator (Swamp:4)
  A deep elf knight (Vaults:1)
  4 deep elf archers
  A cyclops (Vaults:1)
  A demonic crawler (Spider:4)
  4 yaktaurs
  A meliai (Spider:3)
  An air elemental (Elf:2)
  A killer bee (D:13)
  2 orcs
  A briar patch (Swamp:4)
  20 fungi
  2 plants
  8 starspawn tentacles
48 creatures vanquished.

Grand Total: 1535 creatures vanquished

Notes
Turn   | Place    | Note
-------+----------+-------------------------------------------
     0 | D:1      | MirrMurr the Gargoyle Berserker began the quest for the Orb.
     0 | D:1      | Reached XP level 1. HP: 14/14 MP: 1/1
   417 | D:1      | Reached XP level 2. HP: 17/19 MP: 2/2
  1546 | D:2      | Reached XP level 3. HP: 20/24 MP: 3/3
  1834 | D:2      | Reached ** piety under Trog
  1902 | D:2      | Reached skill level 4 in Maces & Flails
  1913 | D:2      | Reached XP level 4. HP: 24/29 MP: 4/4
  2411 | D:3      | Noticed Sigmund
  2738 | D:3      | Killed Sigmund
  2738 | D:3      | Reached skill level 5 in Maces & Flails
  2738 | D:3      | Reached XP level 5. HP: 33/33 MP: 5/5
  2738 | D:3      | Reached XP level 6. HP: 38/38 MP: 6/6
  3063 | D:3      | Found a shimmering altar of Xom.
  3356 | D:4      | Reached skill level 6 in Maces & Flails
  3366 | D:4      | Reached XP level 7. HP: 44/44 MP: 7/7
  3407 | D:4      | Noticed Eptagon's ghost (amateur SpEn)
  3429 | D:4      | Killed Eptagon's ghost
  3464 | D:4      | Found a hazy altar of Hepliaklqana.
  3509 | D:4      | Reached skill level 7 in Maces & Flails
  3734 | D:4      | Reached *** piety under Trog
  4092 | D:4      | Reached XP level 8. HP: 46/48 MP: 8/8
  4205 | D:5      | Entered Level 5 of the Dungeon
  4354 | D:5      | Found an ancient bone altar of Kikubaaqudgha.
  4399 | D:5      | Found a glowing silver altar of Zin.
  4485 | D:5      | Found a shattered altar of Ashenzari.
  4531 | D:5      | Reached skill level 8 in Maces & Flails
  4638 | D:5      | Found a bloodstained altar of Trog.
  5210 | D:6      | Found a hide-covered altar of Uskayaw.
  5246 | D:6      | Reached skill level 5 in Fighting
  5488 | D:6      | Reached skill level 9 in Maces & Flails
  5827 | D:6      | Found a snail-covered altar of Cheibriados.
  6254 | D:7      | Reached XP level 9. HP: 53/54 MP: 7/9
  6458 | D:7      | Reached skill level 5 in Armour
  6496 | D:7      | Reached **** piety under Trog
  6515 | D:7      | Found a stormy altar of Qazlal.
  6563 | D:7      | Found a staircase to the Ecumenical Temple.
  6632 | Temple   | Entered the Ecumenical Temple
  6642 | D:7      | Reached skill level 10 in Maces & Flails
  7230 | D:8      | Found an iron altar of Okawaru.
  7233 | D:8      | Noticed Psyche
  7241 | D:8      | Killed Psyche
  7347 | D:8      | Reached skill level 11 in Maces & Flails
  7512 | D:9      | Reached XP level 10. HP: 59/60 MP: 10/10
  7605 | D:9      | Found a staircase to the Lair.
  7733 | D:9      | Found a glowing golden altar of the Shining One.
  7802 | D:9      | Reached ***** piety under Trog
  7962 | D:9      | Found an opulent altar of Gozag.
  8062 | D:9      | Found a white marble altar of Elyvilon.
  8125 | Lair:1   | Entered Level 1 of the Lair of Beasts
  8130 | Lair:1   | Gained mutation: Your muscles are strong. (Str +2) [potion of mutation]
  8130 | Lair:1   | Gained mutation: You are agile. (Dex +2) [potion of mutation]
  8130 | Lair:1   | Lost mutation: Your muscles are strong. (Str +2) [potion of mutation]
  8328 | Lair:1   | Noticed a spiny frog
  8354 | D:9      | Killed a spiny frog
  8578 | D:9      | Reached skill level 12 in Maces & Flails
  8897 | Lair:1   | Noticed Gastronok
  8968 | Lair:1   | Killed Gastronok
  8968 | Lair:1   | Reached XP level 11. HP: 47/67 MP: 5/11
  9084 | Lair:1   | Reached skill level 13 in Maces & Flails
  9144 | Lair:1   | Received a gift from Trog
 10059 | Lair:2   | Found a staircase to the Swamp.
 10279 | Lair:2   | Reached skill level 10 in Armour
 10295 | Lair:2   | Found a hole to the Spider Nest.
 10859 | Lair:3   | Reached skill level 14 in Maces & Flails
 11121 | Lair:3   | Reached XP level 12. HP: 63/75 MP: 9/12
 11541 | Lair:4   | Noticed a seven-headed hydra
 11908 | Lair:3   | Killed a seven-headed hydra
 12108 | Lair:4   | Got a crude mace
 12109 | Lair:4   | Identified the +0 mace of Resourcefulness {drain, +Blink rElec} (You found it on level 4 of the Lair of Beasts)
 12779 | Lair:5   | Found a staircase to the Slime Pits.
 13022 | Lair:5   | Noticed a seven-headed hydra
 13043 | Lair:5   | Killed a seven-headed hydra
 13215 | Lair:5   | Noticed a seven-headed hydra
 13222 | Lair:5   | Killed a seven-headed hydra
 13522 | Lair:6   | Entered Level 6 of the Lair of Beasts
 13932 | Lair:6   | Reached skill level 15 in Maces & Flails
 13932 | Lair:6   | Reached XP level 13. HP: 59/81 MP: 7/13
 14524 | Lair:6   | Reached skill level 10 in Fighting
 15492 | D:10     | Entered Level 10 of the Dungeon
 15682 | D:10     | Received a gift from Trog
 15821 | D:10     | Found a portal to a secret trove of treasure.
 15981 | D:10     | Noticed Joseph
 15991 | D:10     | Killed Joseph
 16367 | D:11     | Found a staircase to the Orcish Mines.
 16641 | D:11     | Reached skill level 16 in Maces & Flails
 17028 | Orc:1    | Entered Level 1 of the Orcish Mines
 17155 | Orc:1    | Received a gift from Trog
 17302 | Orc:2    | Entered Level 2 of the Orcish Mines
 17338 | Orc:2    | Found Funapopi's Antique Armour Boutique.
 17390 | Orc:1    | Gained mutation: Your large and strong wings let you fly indefinitely. [Gargoyle growth]
 17390 | Orc:1    | Reached XP level 14. HP: 88/88 MP: 14/14
 17511 | Orc:2    | Paralysed by an orc sorcerer for 3 turns
 17743 | Orc:2    | Noticed an orc warlord
 17763 | Orc:2    | Killed an orc warlord
 17999 | Orc:2    | Found Merphi Hyall's Antique Weapon Boutique.
 18167 | Orc:2    | Found Moceskuq's General Store.
 18266 | Orc:2    | Found a roughly hewn altar of Beogh.
 18852 | Orc:2    | Paralysed by an orc sorcerer for 6 turns
 18910 | Orc:2    | Found Ysaodit's Jewellery Shoppe.
 18918 | Orc:2    | Bought the brooch of Shielding {Reflect SH+8} for 480 gold pieces
 19173 | Orc:2    | Found a staircase to the Elven Halls.
 19440 | Swamp:1  | Entered Level 1 of the Swamp
 19503 | Swamp:1  | Reached skill level 17 in Maces & Flails
 19512 | Swamp:1  | Reached ****** piety under Trog
 19862 | Swamp:1  | Received a gift from Trog
 20014 | Swamp:1  | Noticed a thorn hunter
 20029 | Swamp:1  | Killed a thorn hunter
 20210 | Swamp:1  | Found a runed door.
 20210 | Swamp:1  | Noticed a tentacled monstrosity
 20484 | Swamp:1  | Killed a tentacled monstrosity
 20712 | Swamp:2  | Reached skill level 18 in Maces & Flails
 20712 | Swamp:2  | Reached XP level 15. HP: 82/96 MP: 15/15
 20932 | Swamp:2  | You are sucked into a shaft!
 21627 | Swamp:2  | Received a gift from Trog
 22078 | Swamp:3  | Reached skill level 1 in Shields
 22634 | Swamp:4  | Entered Level 4 of the Swamp
 22834 | Swamp:4  | Noticed a thorn hunter
 23365 | Swamp:4  | Noticed a thorn hunter
 23375 | Swamp:4  | Killed a thorn hunter
 23386 | Swamp:4  | Killed a thorn hunter
 23386 | Swamp:4  | Reached skill level 15 in Armour
 23655 | Swamp:4  | Reached skill level 19 in Maces & Flails
 23711 | Swamp:4  | Received a gift from Trog
 23721 | Swamp:4  | Reached XP level 16. HP: 86/104 MP: 16/16
 23778 | Swamp:4  | Upgraded the game from 0.20-a0-386-g2d247ea to 0.20-a0-396-gbf3f530
 23964 | Swamp:4  | Reached skill level 5 in Shields
 24195 | Swamp:4  | Got a decaying rune of Zot
 24368 | Spider:1 | Entered Level 1 of the Spider Nest
 24657 | Spider:1 | Received a gift from Trog
 25594 | Spider:1 | Received a gift from Trog
 26081 | Spider:2 | Reached XP level 17. HP: 104/111 MP: 17/17
 26223 | Spider:2 | Reached skill level 20 in Maces & Flails
 26718 | Spider:3 | Found a frozen archway.
 26718 | Spider:3 | Noticed Asterion
 26973 | Spider:3 | Killed Asterion
 26982 | IceCv    | Entered an ice cave
 27686 | IceCv    | Received a gift from Trog
 27822 | IceCv    | Reached skill level 1 in Evocations
 29050 | Spider:4 | Entered Level 4 of the Spider Nest
 29187 | Spider:3 | Reached skill level 10 in Shields
 29326 | Spider:4 | Noticed Geomchi's ghost (adept OpVM)
 29620 | Spider:4 | Received a gift from Trog
 30232 | Spider:4 | Gained mutation: You are surrounded by a mild repulsion field. (EV +2) [potion of beneficial mutation]
 30317 | Spider:4 | Killed Geomchi's ghost
 30953 | Spider:4 | Identified 3 scrolls of acquirement
 31022 | Spider:4 | Reached skill level 1 in Throwing
 31224 | Spider:4 | Reached skill level 15 in Fighting
 31227 | Spider:4 | Reached XP level 18. HP: 119/119 MP: 19/19
 31819 | Spider:4 | Got a gossamer rune of Zot
 32148 | D:12     | Received a gift from Trog
 33475 | D:13     | Received a gift from Trog
 33687 | D:14     | Found a gate to the Vaults.
 34009 | D:14     | Noticed Kirke
 34058 | D:14     | Killed Kirke
 34515 | D:14     | Noticed Louise
 34544 | D:14     | Killed Louise
 34544 | D:14     | Reached skill level 21 in Maces & Flails
 34689 | D:15     | Entered Level 15 of the Dungeon
 34706 | D:15     | Got an encrusted cloak
 34717 | D:15     | Identified the -2 cloak of the Mackerel {rC+ rCorr Str+2} (You acquired it on level 15 of the Dungeon)
 34792 | D:15     | Found a staircase to the Depths.
 35371 | D:15     | Received a gift from Trog
 35680 | D:15     | Found an ancient bone altar of Kikubaaqudgha.
 36167 | Vaults:1 | Entered Level 1 of the Vaults
 36185 | Vaults:1 | Reached XP level 19. HP: 125/125 MP: 20/20
 36618 | Vaults:1 | Reached skill level 5 in Dodging
 36621 | Vaults:1 | Cast into level 2 of the Abyss (a deep elf demonologist)
 37038 | Abyss:2  | Gained mutation: Your body sometimes deteriorates upon taking damage. [a shining eye]
 37047 | Abyss:2  | Gained mutation: [You expend magic power (3 MP) to strengthen your wands.] [a shining eye]
 37053 | Abyss:2  | Gained mutation: [You tend to lose your temper in combat.] [a shining eye]
 37055 | Abyss:2  | Lost mutation: You are agile. (Dex +2) [a shining eye]
 37106 | Abyss:2  | Paralysed by accursed screaming for 1 turns
 37110 | Vaults:1 | Escaped the Abyss
 37264 | Vaults:1 | Lost mutation: [You tend to lose your temper in combat.] [potion of cure mutation]
 37264 | Vaults:1 | Lost mutation: Your body sometimes deteriorates upon taking damage. [potion of cure mutation]
 37264 | Vaults:1 | Lost mutation: [You expend magic power (3 MP) to strengthen your wands.] [potion of cure mutation]
 37315 | Vaults:1 | Received a gift from Trog
 39582 | Vaults:1 | Reached skill level 15 in Shields
 39789 | Vaults:1 | Received a gift from Trog
 40117 | Vaults:2 | Found Urhevye's Assorted Antiques.
 40182 | Vaults:2 | Reached skill level 22 in Maces & Flails
 40231 | Vaults:2 | Reached XP level 20. HP: 132/132 MP: 21/21
 40662 | Vaults:2 | Found Reto's Assorted Antiques.
 40717 | Vaults:2 | Found Afes's Magic Scroll Shop.
 40895 | Vaults:1 | Received a gift from Trog
 42263 | Vaults:2 | Found an opulent altar of Gozag.
 42323 | Vaults:2 | Received a gift from Trog
 42395 | Vaults:2 | Noticed Margery
 42455 | Vaults:2 | Killed Margery
 42531 | Vaults:2 | Found Huun's Antique Armour Shop.
 42536 | Vaults:2 | Bought a pair of jewelled gloves for 399 gold pieces
 42536 | Vaults:2 | Bought a heavily runed buckler for 399 gold pieces
 42536 | Vaults:2 | Bought a glowing helmet for 441 gold pieces
 42536 | Vaults:2 | Bought a runed helmet for 441 gold pieces
 42546 | Vaults:2 | Identified the cursed +0 pair of gloves "Udaz Apo" {Dex+2 Slay+2} (You bought it in a shop on level 2 of the Vaults)
 42558 | Vaults:2 | Identified the +2 buckler of Contentment {+Blink} (You bought it in a shop on level 2 of the Vaults)
 43195 | Elf:1    | Entered Level 1 of the Elven Halls
 43195 | Elf:1    | Found Pivausagg's Magic Scroll Boutique.
 43224 | Elf:1    | Found Heivoyzy's Armour Boutique.
 43371 | Elf:1    | Found Namixaoc's General Store.
 43600 | Elf:1    | Found Ryehong's Gadget Shop.
 44700 | Elf:2    | Gained mutation: [You are clumsy. (Dex -2)] [a shining eye]
 44720 | Elf:2    | Found a runed gate.
 44720 | Elf:2    | Found a runed gate.
 44721 | Elf:2    | Found a runed gate.
 45069 | Elf:2    | Reached XP level 21. HP: 114/140 MP: 22/22
 45180 | Elf:2    | Received a gift from Trog
 45330 | Elf:2    | Received a gift from Trog
 45657 | Elf:3    | Entered Level 3 of the Elven Halls
 45717 | Elf:3    | Cast into level 3 of the Abyss (a deep elf sorcerer)
 45725 | Abyss:3  | Found a corrupted altar of Lugonu.
 45743 | Abyss:3  | HP: 2/98 [smoke demon/divine providence (9)]
 45746 | Abyss:3  | Killed from afar by a smoke demon

Vault maps used:
D:1:      sevenhm_arrival_forest_fort_small_5
D:2:      lexackson_kobold_supper
D:3:      lemuel_coloured_pillars_altar, uniq_sigmund
D:4:      nicolae_overflow_crystal_walls, first_bread,
          kennysheep_generic_room_11
D:5:      cheibrodos_ashenzari_chains, kiku_gazebo_garden_becter,
          old_standard_altar, bloody_trog, kennysheep_cluttered_room
D:6:      old_forge, kennysheep_mini, marbit_many_paths
D:7:      old_standard_altar
D:8:      okawaru_ov_weapons_minmay, uniq_psyche
D:9:      nicolae_overflow_hidden_temple, nicolae_tso_carved_into_rock,
          minmay_lair_entry_lava, basic_altar
D:10:     nicolae_trove_entry_diagonal, uniq_joseph
D:11:     kennysheep_orc_monster_closet_entryway
D:13:     hangedman_stone_soup
D:14:     lightli_vaults_fourway_checkpoint, dk_noncrumbling_2, uniq_kirke,
          uniq_louise
D:15:     grunt_enter_depths_giant_problem, hangedman_decor_lopped, basic_altar
Temple:   chequers_temple_sunken
Lair:1:   grunt_megastairs_2, uniq_gastronok
Lair:2:   nicolae_swamp_entry_splash_gauntlet, nicolae_spider_entry_non_spiders,
          nicolae_quartered_pool_medium, serial_bayou_shore_a
Lair:3:   st_stairs_10, grunt_megastairs_3
Lair:4:   grunt_megastairs_1
Lair:5:   nicolae_slime_entry_slimehenge, minmay_holes
Lair:6:   due_jungle_book
Swamp:1:  cheibrodos_swamp_sealed, evilmike_swamp_ruin_house_4, swamp_pool1,
          hangedman_swamp_lotus
Swamp:2:  evilmike_swamp_ruin_rubble_1, swamp_pool1
Swamp:3:  serial_swamp_ruin, evilmike_swamp_ruin_rubble_2,
          evilmike_swamp_ruin_house_6, swamp_pool4, grunt_hermit_hut
Swamp:4:  swamp_basic_johnstein
Spider:1: lemuel_spider_zombies
Spider:3: portal_ice_cave_entry_pillars_2, guppyfry_spider_mini_1, uniq_asterion
Spider:4: grunt_spider_rune_circles
Orc:2:    grunt_orc_gardens, grunt_orc_garden, grunt_orc_garden,
          grunt_orc_garden, grunt_orc_garden, lemuel_statue_altar
Elf:1:    serial_shops, shop_fountains, shop, shop, shop,
          kennysheep_underground_church
Elf:3:    minmay_elf_hall_x
Vaults:1: v_misc_2, vaults_room_fours, v_alt_pattern_2,
          nicolae_vaults_mini_display_case, v_misc_19,
          nicolae_vaults_little_squares_3, ontoclasm_vaults_decontamination,
          grunt_vaults_focal, grunt_vaults_hallway_short,
          vaults_room_guarded_vault
Vaults:2: hangedman_vaults_variations, ontoclasm_vaults_twist,
          hangedman_vaults_stagger, ontoclasm_vaults_chip, vaults_mumra_hex,
          ontoclasm_vaults_hangar, v_alt_pattern_1, hangedman_vaults_slice,
          ontoclasm_vaults_chip, v_misc_22, vaults_dpeg_cross, basic_altar,
          serial_shops, nicolae_shop_waterfront, shop, shop_fountains, shop,
          uniq_margery
Abyss:2:  hangedman_classic_abyss_death, evilmike_abyss_exit_10
Abyss:3:  nicolae_abyss_rune_star_stuff
IceCv:    ice_cave_caverns_01

Skill      XL: |  1  2  3  4  5  6  7  8  9 10 11 12 13 14 15 16 17 18 19 20 21 |
---------------+----------------------------------------------------------------+-----
Maces & Flails | 4 5 6 7 9 11 12 14 15 16 18 19 20 21 22 | 22.4
Dodging        | 2 3 4 5 |  5.2
Fighting       | 4 5 6 7 8 9 10 12 13 14 15 16 17 | 17.8
Armour         | 3 4 6 9 10 12 14 15 16 | 16.5
Shields        | 4 8 11 13 15 16 17 | 17.3
Evocations     | 1 |  1.4
Throwing       | 1 3 |  3.0

Action                   |  1- 3 |  4- 6 |  7- 9 | 10-12 | 13-15 | 16-18 | 19-21 || total
-------------------------+-------+-------+-------+-------+-------+-------+-------++-------
Melee: Mace              |   123 |   199 |       |       |       |       |       ||   322
       Flail             |       |    62 |   399 |   851 |   276 |       |       ||  1588
       Great mace        |       |       |       |       |   543 |       |       ||   543
       Eveningstar       |       |       |       |       |   568 |  2032 |  1436 ||  4036
       Unarmed           |       |       |       |       |       |     1 |       ||     1
 Fire: Blowgun           |       |       |       |       |       |    27 |    30 ||    57
Throw: Stone             |     9 |       |       |       |       |       |       ||     9
       Tomahawk          |       |       |       |       |       |     1 |       ||     1
Invok: Trog's Hand       |       |     1 |     1 |     3 |     3 |     4 |     7 ||    19
       Berserk           |       |     1 |       |     5 |     2 |     2 |       ||    10
       Burn Spellbooks   |       |       |     2 |     2 |     4 |     6 |     2 ||    16
       Brothers in Arms  |       |       |       |       |       |       |     1 ||     1
 Abil: Fly               |       |       |       |       |     1 |       |       ||     1
Evoke: Wand              |       |       |       |       |       |    35 |     1 ||    36
  Use: Scroll            |     7 |     5 |     8 |     6 |    10 |     9 |     5 ||    50
       Potion            |       |       |     4 |     2 |     1 |     3 |     2 ||    12
 Stab: Distracted        |       |       |       |       |       |     1 |       ||     1
       Invisible         |       |       |       |       |       |       |     2 ||     2
  Eat: Chunk             |     3 |     7 |    16 |    25 |    30 |    26 |    26 ||   133
       Beef jerky        |       |       |       |     1 |     1 |     7 |       ||     9
       Bread ration      |       |       |       |       |     1 |     2 |     2 ||     5
Armor: Animal skin       |    16 |       |       |       |       |       |       ||    16
       Leather armour    |    28 |    70 |    36 |       |       |       |       ||   134
       Plate armour      |       |       |   154 |   755 |  1089 |  1075 |   442 ||  3515
Dodge: Dodged            |    83 |   115 |   143 |   328 |   617 |  1010 |   441 ||  2737
Block: Other             |       |       |       |       |    98 |       |       ||    98
       Buckler           |       |       |       |       |   289 |  1481 |   556 ||  2326
       Reflection        |       |       |       |       |     1 |    20 |   110 ||   131
       Shield            |       |       |       |       |       |       |   309 ||   309
